 Dungeon Crawl Stone Soup version 0.28-a0-1447-ga5a8893891 (webtiles) character file.

Game seed: 18212005020927338079

161 ytrimaz the Insei (level 5, 0/34 HPs)
             Began as an Octopode Transmuter on Jan 10, 2022.
             Slain by Grinder (10 damage)
             ... while paralysed by Grinder
             ... on level 4 of the Dungeon.
             The game lasted 00:03:54 (3783 turns).

ytrimaz the Insei (Octopode Transmuter)             Turns: 3783, Time: 00:03:55

Health: 0/34       AC:  2    Str: 10    XL:     5   Next: 42%
Magic:  6/9        EV:  5    Int: 17    God:
Gold:   130        SH:  0    Dex: 17    Spells: 4/10 levels left

rFire   . . .      SeeInvis .     - Unarmed
rCold   . . .      Faith    .   (shield currently unavailable)
rNeg    . . .      Spirit   .   (helmet currently unavailable)
rPois   x          Reflect  .   (no amulet)
rElec   .          Harm     .   (no ring)
rCorr   .          Rampage  .   (no ring)
Will    .....                   (no ring)
Stlth   ++........              (no ring)
HPRegen 0.11/turn               (no ring)
MPRegen 0.11/turn               (no ring)
                                (no ring)
                                (no ring)

@: paralysed, spider-form
A: venomous fangs, almost no armour, (amphibious), 8 rings, tiny, (camouflage
1), (gelatinous body 1), (nimble swimmer 1), (tentacles)
a: End Transformation


You were on level 4 of the Dungeon.
You were a venomous arachnid creature.
You visited 1 branch of the dungeon, and saw 4 of its levels.

You collected 130 gold pieces.

Inventory:

Wands
 e - a wand of iceblast (4)
Scrolls
 b - a scroll of identify
 c - a scroll of immolation
 f - a scroll of fog
Potions
 a - a potion of curing
 d - a potion of heal wounds


   Skills:
 * Level 1.9 Fighting
 * Level 2.6 Dodging
 + Level 3.7 Unarmed Combat
 * Level 3.1 Spellcasting
 * Level 3.2 Transmutations
 * Level 0.3 Poison Magic


You had 4 spell levels left.
You knew the following spells:

 Your Spells              Type           Power      Damage    Failure   Level
a - Beastly Appendage     Tmut           26%        N/A       14%         1
b - Wereblood             Tmut           13%        N/A       19%         2
c - Spider Form           Tmut/Pois      8%         N/A       45%         3

Your spell library contained the following spells:

 Spells                   Type           Power      Damage    Failure   Level
 Summon Small Mammal      Summ           8%         N/A       36%         1
 Ice Form                 Ice/Tmut       8%         N/A       83%         4
 Chain Lightning          Conj/Air       1%         3d1       100%        9
 Fire Storm               Conj/Fire      1%         7d1       100%        9
 Shatter                  Erth           1%         3d5*      100%        9


Dungeon Overview and Level Annotations

Branches:
Dungeon (4/15)
 Temple: D:4-7

Altars:
Okawaru

Annotations:
D:3 1 runed translucent door, Crazy Yiuf
D:4 Grinder


Innate Abilities, Weirdness & Mutations

You are a venomous arachnid creature.
You have poisonous fangs.
You are tiny and dextrous.
Your spellcasting is less reliable in this form.
Your armour is entirely melded.
You are incapable of wielding weapons or throwing items.
You cannot wear most types of armour.
((You are amphibious.))
You can wear up to eight rings at the same time.
((Your skin changes colour to match your surroundings (Stealth+).))
((Your rubbery body absorbs attacks. (AC +1, EV +1)))
((You are camouflaged when in or above water. (Stealth+)))
((You have tentacles for arms and can constrict up to eight enemies at once.))


Message History

You miscast Beastly Appendage.
You are very lightly contaminated with residual magic.
Nothing appears to happen.
Your magical contamination has completely faded away.
Your transformation is almost over.
Magic restored.
Your tentacle spike disappears.
Grinder comes into view.
Grinder shouts!
Grinder is nearby!
Grinder gestures at you. Pain shoots through your body!
Grinder is nearby!
Okay, then.
Aiming: Iceblast
Press: ? - help, Shift-Dir - straight line, f - Grinder
Aim: Grinder The mass of ice explodes!
The iceblast engulfs Grinder.
Grinder partially resists.
Grinder is lightly wounded.
Grinder drinks a potion.
Grinder flickers and vanishes!
Deactivating autopickup; reactivate with Ctrl-A.
Aiming: Iceblast
Press: ? - help, Shift-Dir - straight line The mass of ice explodes!
The iceblast engulfs something!
Aiming: Iceblast
Press: ? - help, Shift-Dir - straight line The mass of ice explodes!
The iceblast engulfs something!
Pain shoots through your body!
Casting: Beastly Appendage (safe; 4% risk of failure)
Confirm with . or Enter, or press ? or * to list all spells.
The spell is quite dangerous to miscast (24% risk of failure)!
Continue anyway?
You turn into a venomous arachnid creature.
You suddenly lose the ability to move!
You hear the slow rusting of a very distant drain.
Pain shoots through your body! Something hits you.
* * * LOW HITPOINT WARNING * * *
Something hits you!
You die...

......5..#
......##.####### .....
#........# ....
#..#####.# ### #..####
#.....# ##+# #.###.#
##...## #.# # ##.>...##
#s###.##. ##.......##
##........
#.........####......###
+.........'......<.....
#..>......####.......##
#.......## #.......#
##.....## ##.....##
##...## ##...## ##'##
#.##


There were no monsters in sight!

Vanquished Creatures
  A hound (D:4)
  4 gnolls (D:2)
  An adder (D:3)
  A worm (D:2)
  11 ball pythons
  6 endoplasms
  4 giant cockroaches
  9 goblins
  7 hobgoblins
  13 kobolds
  2 quokkas
  7 bats
  4 frilled lizards
  7 rats
77 creatures vanquished.

Notes
Turn   | Place    | Note
-------+----------+-------------------------------------------
     0 | D:1      | ytrimaz the Octopode Transmuter began the quest for the
                  | Orb.
     0 | D:1      | Reached XP level 1. HP: 13/13 MP: 3/3
    77 | D:1      | Found a faded altar of an unknown god.
    85 | D:1      | Got Plato's Volume of Creation
   372 | D:1      | Reached XP level 2. HP: 18/18 MP: 3/5
  1242 | D:2      | Reached XP level 3. HP: 18/23 MP: 3/6
  1245 | D:2      | Learned a level 2 spell: Wereblood
  1334 | D:2      | Learned a level 3 spell: Spider Form
  1796 | D:2      | Reached XP level 4. HP: 28/28 MP: 1/7
  2823 | D:3      | Reached XP level 5. HP: 34/34 MP: 7/9
  3116 | D:3      | Found a runed translucent door.
  3117 | D:3      | Noticed Crazy Yiuf
  3267 | D:3      | Found an iron altar of Okawaru.
  3765 | D:4      | Noticed Grinder
  3778 | D:4      | Paralysed by something for 7 turns
  3783 | D:4      | Slain by Grinder

Illustrated notes

Levels and vault maps discovered:
D:1:      evilmike_arrival_plus, layout_basic,
          shapermc_ecumenical_altar_rom_forum
D:2:      layout_loops_ring
D:3:      minmay_angry_zag, layout_basic, kennysheep_okawaru_gauntlet,
          uniq_crazy_yiuf_cottage
D:4:      layout_loops_corners, cheibrodos_sewer_entry_drain, uniq_grinder

Skill      XL: |  1  2  3  4  5 |
---------------+----------------+-----
Transmutations | 3 |  3.2
Spellcasting   | 3 |  3.1
Fighting       | |  1.9
Dodging        | |  2.6
Unarmed Combat | |  3.7
Poison Magic   | |  0.3

Action                   |  1- 3 |  4- 6 || total
-------------------------+-------+-------++-------
Melee: Unarmed           |    69 |    92 ||   161
       Constrict         |    20 |    24 ||    44
       Kick              |    10 |    21 ||    31
       Tentacles         |    12 |    12 ||    24
       Punch             |     1 |     1 ||     2
 Cast: Beastly Appendage |    17 |    23 ||    40
       Wereblood         |     2 |       ||     2
       Spider Form       |     1 |     1 ||     2
Evoke: Wand              |       |     3 ||     3
  Use: Scroll            |     3 |     4 ||     7
 Stab: Sleeping          |     5 |     7 ||    12
Armor: Skin              |     7 |    10 ||    17
Dodge: Dodged            |    59 |    67 ||   126

Table legend: (Time is in decaauts)
 A = Elapsed time spent in this place.
 B = Non-inter-level travel time spent in this place.
 C = Inter-level travel time spent in this place.
 D = Time resting spent in this place.
 E = Time spent auto-exploring this place.
 F = Levels seen in this place.
 G = Mean time per level.
                   A        B        C        D        E       F      G
               +--------+--------+--------+--------+--------+-----+--------+
         Total |   3772 |   3690 |     82 |    179 |   2857 |   4 |  943.0 |
       Dungeon |   3772 |   3690 |     82 |    179 |   2857 |   4 |  943.0 |
               +--------+--------+--------+--------+--------+-----+--------+

Top non-repeatable levels by time:
     D:3: 1345 daAuts
     D:2: 1220 daAuts
     D:1: 1002 daAuts
     D:4: 204 daAuts
